 Dungeon Crawl Stone Soup version 0.28-a0-1616-g050a50673c (webtiles) character file.

Game seed: 4353839987080008444

152 anonymouscript the Magician (level 5, -3/36 HPs)
             Began as a Djinni Fire Elementalist on Jan 23, 2022.
             Was a Follower of Cheibriados.
             Slain by Edmund (13 damage)
             ... on level 4 of the Dungeon.
             The game lasted 00:21:06 (3931 turns).

anonymouscript the Magician (DjFE)                  Turns: 3931, Time: 00:21:06

Health: -3/36      AC:  3    Str: 10    XL:     5   Next: 60%
Gold:   91         EV: 12    Int: 21    God:    Cheibriados [*.....] SH:  0 Dex: 17

rFire   + + .      SeeInvis .   g - staff of earth
rCold   x . .      Faith    .   (no shield)
rNeg    . . .      Spirit   .   b - +0 leather armour
rPois   ∞          Reflect  .   (no helmet)
rElec   .          Harm     .   (no cloak)
rCorr   .          Rampage  .   (no gloves)
Will    .....                   (boots unavailable)
Stlth   ++........              (no amulet)
HPRegen 0.12/turn               (no ring)
MPRegen 0.00/turn               (no ring)

@: weak-willed, flying, very slightly contaminated, studying Armour, very slow
A: sickness immunity, fire resistance 2, cold vulnerability 1, float, innate
caster, hp casting, extra vitality 1
a: Renounce Religion, Bend Time


You were on level 4 of the Dungeon.
You worshipped Cheibriados.
Cheibriados was aware of your devotion.
You visited 1 branch of the dungeon, and saw 4 of its levels.

You collected 91 gold pieces.

Inventory:

Missiles
 j - a throwing net
Armour
 a - a +0 robe
 b - a +0 leather armour (worn)
Magical Staves
 g - a staff of earth (weapon)
Scrolls
 d - 3 scrolls of identify
 e - a scroll of holy word
 i - a scroll of noise {unknown}
 k - a scroll of silence {unknown}
 l - a scroll of immolation {unknown}
Potions
 f - a potion of curing
 h - a potion of resistance
 m - a potion of berserk rage {unknown}


   Skills:
 + Level 0.6 Fighting
 + Level 0.4 Staves
 + Level 2.0 Armour
 + Level 3.0 Dodging
 - Level 1.5 Stealth
 + Level 3.8 Spellcasting


You couldn't memorise any spells.
You knew the following spells:

 Your Spells              Type           Power      Damage    Failure   Level
a - Foxfire               Conj/Fire      80%        2x1d8     3%          1
b - Scorch                Fire           40%        2d7       4%          2
c - Conjure Flame         Conj/Fire      20%        6-21      10%         3
d - Inner Flame           Hex/Fire       20%        N/A       10%         3
e - Flame Wave            Conj/Fire      20%        2d7       32%         4
f - Summon Small Mammal   Summ           80%        N/A       3%          1
g - Ensorcelled Hibernat  Hex/Ice        40%        N/A       4%          2
Your spell library was empty.

Dungeon Overview and Level Annotations

Branches:
Dungeon (4/15)
 Temple: D:4-7

Altars:
Cheibriados
Ru
Wu Jian

Annotations:
D:4 Edmund, Pargi


Innate Abilities, Weirdness & Mutations

You are immune to sickness and miasma.
You are immune to poison.
Your flesh is very heat resistant. (rF++)
You are vulnerable to cold. (rC-)
You float through the air rather than walking.
You learn spells naturally, not from books.
Your magical power is your life essence.
You have superior vitality. (+4 MHP)


Message History

Confirm with . or Enter, or press ? or * to list all spells.
You miscast Scorch.
You are very lightly contaminated with residual magic.
Nothing appears to happen.
The orc hits you with a +0 morningstar.
Unknown command.
Casting: Scorch (safe; 4% risk of failure)
Confirm with . or Enter, or press ? or * to list all spells.
Flames lash the orc.
You kill the orc!
Cheibriados appreciates the change of pace.
Your Dodging skill increases to level 3!
Unknown command.
Edmund the Younger comes into view.
He is wielding a +4 vorpal dire flail.
Edmund shouts!
There is a large open door here.
You see here a +0 morningstar.
Edmund is nearby!
Unknown command.
Casting: Foxfire (safe; 3% risk of failure)
Press: ? - help, Q - select action, (/) - cycle Dir - look around, f - activate
Okay, then.
You fail to use your ability.
Found 12 gold pieces.
Pargi the Meek comes into view.
There is a large open door here.
You see here a +0 morningstar.
Your magical contamination has completely faded away.
Edmund hits you with a +4 vorpal dire flail.
Casting: Foxfire (safe; 3% risk of failure)
Confirm with . or Enter, or press ? or * to list all spells.
You miscast Scorch.
You are very lightly contaminated with residual magic.
Nothing appears to happen.
Edmund hits you with a +4 vorpal dire flail!
Edmund hits you with a +4 vorpal dire flail.
* * * LOW HITPOINT WARNING * * *
As you read the scroll labelled IXZENTI NAATH, it crumbles to dust.
Magic quickly surges around you.
It was a scroll of vulnerability.
Edmund hits you with a +4 vorpal dire flail!
You die...

...T...........
♣$.............
♣....).......♣
♣..........♣
♣........♣
♣......♣ ♣..♣
#######)'######
#..@@..........
#.##########..#
#.# . #.# #.#
#.# #.#
#.###### #
#..#...####(#


You could see Edmund (weak-willed).

Vanquished Creatures
  A hound (D:4)
  4 gnolls
  An adder (D:4)
  A dart slug (D:2)
  2 worms
  An orc (D:4)
  7 endoplasms
  2 giant cockroaches
  8 goblins
  5 hobgoblins
  9 kobolds
  A ball python (D:2)
  3 bats
  4 frilled lizards
  6 rats
55 creatures vanquished.

Vanquished Creatures (collateral kills)
  An adder (D:2)
  A ball python (D:2)
  A hobgoblin (D:1)
  A bat (D:1)
  A frilled lizard (D:2)
5 creatures vanquished.

Vanquished Creatures (others)
  146 foxfires
146 creatures vanquished.

Grand Total: 206 creatures vanquished

Notes
Turn   | Place    | Note
-------+----------+-------------------------------------------
     0 | D:1      | anonymouscript the Djinni Fire Elementalist began the quest
                  | for the Orb.
     0 | D:1      | Reached XP level 1. HP: 15/15 MP: 0/0
   628 | D:1      | Reached XP level 2. HP: 15/21 MP: 0/0
  1218 | D:1      | Reached XP level 3. HP: 21/26 MP: 0/0
  1218 | D:1      | Learned a level 1 spell: Summon Small Mammal
  2102 | D:2      | Reached XP level 4. HP: 25/31 MP: 0/0
  2110 | D:2      | Reached skill level 1 in Armour
  2878 | D:2      | Found a faded altar of an unknown god.
  2882 | D:2      | Prayed at the altar of an unknown god.
  2882 | D:2      | Became a worshipper of Cheibriados the Contemplative
  2882 | D:2      | Reached * piety under Cheibriados
  3083 | D:2      | Identified a scroll of acquirement
  3084 | D:2      | Acquired a manual of Armour
  3307 | D:4      | Reached XP level 5. HP: 12/36 MP: 0/0
  3307 | D:4      | Learned a level 2 spell: Ensorcelled Hibernation
  3698 | D:4      | Found an ornate altar of the Wu Jian Council.
  3701 | D:4      | Found a sacrificial altar of Ru.
  3922 | D:4      | Noticed Edmund
  3924 | D:4      | Noticed Pargi
  3931 | D:4      | Slain by Edmund

Illustrated notes

Levels and vault maps discovered:
D:1:      saegor_arrival_fortress, layout_loops_ring, minmay_misc_feat_pillars
D:2:      layout_loops_ring, chequers_ecumenical_altar_grove,
          grunt_decor_clamped
D:3:      layout_rooms, serial_shops, nicolae_shop_bloodbath_and_beyond,
          shop_statue, shop, nicolae_shop_stone, st_stairs_2, minivault_14
D:4:      gammafunk_wand_slinger, layout_basic, grunt_temple_overflow_open,
          kennysheep_small_spiral, hangedman_decor_push, minivault_1,
          kennysheep_cross_room, uniq_duvessa, uniq_edmund, uniq_pargi

Skill      XL: |  1  2  3  4  5 |
---------------+----------------+-----
Spellcasting   | 3 |  3.8
Armour         | 1 2 |  2.0
Dodging        | 3 |  3.0
Fighting       | |  0.6
Staves         | |  0.4
Stealth        | |  1.5

Action                   |  1- 3 |  4- 6 || total
-------------------------+-------+-------++-------
Melee: Unarmed           |    28 |       ||    28
       Staff             |    15 |    22 ||    37
 Cast: Foxfire           |    67 |    30 ||    97
       Summon Small Mamm |     7 |     1 ||     8
       Scorch            |       |    13 ||    13
  Use: Scroll            |     1 |     5 ||     6
       Potion            |       |     1 ||     1
 Stab: Sleeping          |       |     2 ||     2
Armor: Robe              |     9 |       ||     9
       Leather armour    |     9 |     9 ||    18
Dodge: Dodged            |    53 |    28 ||    81

Table legend: (Time is in decaauts)
 A = Elapsed time spent in this place.
 B = Non-inter-level travel time spent in this place.
 C = Inter-level travel time spent in this place.
 D = Time resting spent in this place.
 E = Time spent auto-exploring this place.
 F = Levels seen in this place.
 G = Mean time per level.
                   A        B        C        D        E       F      G
               +--------+--------+--------+--------+--------+-----+--------+
         Total |   4102 |   4019 |     83 |   1070 |   2246 |   4 | 1025.5 |
       Dungeon |   4102 |   4019 |     83 |   1070 |   2246 |   4 | 1025.5 |
               +--------+--------+--------+--------+--------+-----+--------+

Top non-repeatable levels by time:
     D:2: 1818 daAuts
     D:1: 1584 daAuts
     D:4: 675 daAuts
     D:3: 24 daAuts
